[Event "Niedersachsen-ch B 2024"]
[Site "Verden Aller"]
[Date "2024.01.04"]
[Round "1.26"]
[White "Homann, Christoph"]
[Black "Rinke, Alexander"]
[Result "1-0"]
[ECO "D53"]
[WhiteElo "1597"]
[BlackElo "1296"]
[Annotator "NA RC"]
[PlyCount "103"]
[EventDate "2024.01.01"]
[EventType "swiss"]
[EventCountry "GER"]
[SourceTitle "playchess.com"]
[Source "ChessBase"]
[SourceQuality "1"]
[TimeControl "40/5400+30:1800+30"]

1. d4 d5 2. c4 e6 3. Nc3 Nf6 4. Bg5 Be7 5. cxd5 Nxd5 6. Bxe7 Qxe7 7. e4 Nf6 8. Nf3 O-O 9. Bc4 Nbd7 10. O-O b6 11. e5 Ne8 12. Re1 c6 13. Rc1 Bb7 14. Ne4 Rc8 15. Qd3 c5 16. Neg5 g6 17. d5 exd5 18. Bxd5 Bxd5 19. Qxd5 h6 20. e6 Nc7 21. Qxd7 Qxd7 22. exd7 Rcd8 23. Ne4 f5 24. Nc3 Rxd7 25. Rcd1 Rdf7 26. Ne5 Rg7 27. Rd6 Kh7 28. Red1 Re8 29. Nf3 Rge7 30. h4 Ne6 31. Rd7 c4 32. Ne5 Nc5 33. Rxe7+ Rxe7 34. Nxc4 Ne4 35. Nxe4 Rxe4 36. b3 Rxh4 37. Rd7+ Kg8 38. Rxa7 b5 39. Ne5 g5 40. Rb7 Rb4 41. Kf1 h5 42. Nc6 Rf4 43. Rxb5 g4 44. Ne7+ Kg7 45. Nxf5+ Kf6 46. Ng3 Kg6 47. Nxh5 Rd4 48. Ng3 Rd2 49. a4 Rd3 50. Ke2 Rc3 51. a5 Kf6 52. Ne4+ 1-0

[Event "Niedersachsen-ch B 2024"]
[Site "Verden Aller"]
[Date "2024.01.04"]
[Round "1.27"]
[White "Steven, Matthias"]
[Black "Silber, Stefanie"]
[Result "0-1"]
[ECO "B08"]
[WhiteElo "1284"]
[BlackElo "1581"]
[Annotator "NA RC"]
[PlyCount "136"]
[EventDate "2024.01.01"]
[EventType "swiss"]
[EventCountry "GER"]
[SourceTitle "playchess.com"]
[Source "ChessBase"]
[SourceQuality "1"]
[TimeControl "40/5400+30:1800+30"]

1. e4 d6 2. d4 g6 3. Nf3 Bg7 4. Nc3 Nf6 5. Bf4 Nbd7 6. Bc4 O-O 7. Qd2 c6 8. Bb3 b5 9. e5 dxe5 10. Nxe5 Qb6 11. Ne2 Nxe5 12. Bxe5 Bb7 13. f3 Rad8 14. c3 Nd5 15. Bxg7 Kxg7 16. O-O-O c5 17. Rhe1 c4 18. Bc2 Qa5 19. a3 Qb6 20. Nf4 Qd6 21. Nxd5 Bxd5 22. f4 a5 23. g3 Bf3 24. Qe3 Bxd1 25. Bxd1 Rfe8 26. Qe5+ Qxe5 27. fxe5 b4 28. axb4 axb4 29. Be2 bxc3 30. bxc3 Rc8 31. Kc2 Rc7 32. Rb1 f6 33. e6 f5 34. Rb4 Rec8 35. Kd2 Kf6 36. d5 Ke5 37. Bf3 Ra7 38. Rb2 Ra1 39. Ke3 Rc1 40. Kd2 Rg1 41. Rb4 g5 42. Rb5 g4 43. Be2 Rg2 44. d6+ Kxe6 45. dxe7 Ra8 46. Ke3 Kf6 47. Bxc4 Re8 48. Rb6+ Kxe7 49. Re6+ Kd7 50. Rxe8 Kxe8 51. Bd3 Ke7 52. Bxf5 h5 53. Bg6 Rxh2 54. Kf4 Kf6 55. Be8 Rf2+ 56. Ke3 Rf3+ 57. Ke2 Kg5 58. c4 Rxg3 59. c5 Rc3 60. c6 g3 61. Bd7 Kf4 62. c7 Rxc7 63. Bh3 Rc2+ 64. Kf1 Kf3 65. Kg1 Rc1+ 66. Bf1 g2 67. Kh2 Rxf1 68. Kh3 Rh1# 0-1

[Event "Niedersachsen-ch B 2024"]
[Site "Verden Aller"]
[Date "2024.01.04"]
[Round "1.29"]
[White "Sanchez Tapia, Luis G."]
[Black "Heckl, Philipp"]
[Result "1-0"]
[ECO "A80"]
[WhiteElo "1576"]
[BlackElo "1580"]
[Annotator "NA RC"]
[PlyCount "61"]
[EventDate "2024.01.01"]
[EventType "swiss"]
[EventCountry "GER"]
[SourceTitle "playchess.com"]
[Source "ChessBase"]
[SourceQuality "1"]
[TimeControl "40/5400+30:1800+30"]

1. d4 f5 2. Bg5 Nf6 3. e3 e6 4. Nf3 Be7 5. Nbd2 O-O 6. Bd3 b6 7. Qe2 Bb7 8. h3 Ne4 9. Bxe7 Qxe7 10. O-O-O a5 11. Rdg1 a4 12. a3 d6 13. Rh2 Nd7 14. g4 Kh8 15. gxf5 exf5 16. h4 Ndf6 17. h5 Qf7 18. Nh4 Rfe8 19. Nxf5 Nxd2 20. Kxd2 Ne4+ 21. Bxe4 Bxe4 22. Nxg7 Rf8 23. Qg4 Bf3 24. Qe6 Bxh5 25. Qh6 Ra5 26. Nxh5 Rf5 27. Nf4 Rf6 28. Ng6+ Rxg6 29. Rxg6 c5 30. Rhg2 Qf5 31. Qg7# 1-0

[Event "Niedersachsen-ch B 2024"]
[Site "Verden Aller"]
[Date "2024.01.04"]
[Round "2.1"]
[White "Schoettker, Jochen"]
[Black "Wilmink, Luca"]
[Result "1-0"]
[ECO "E61"]
[WhiteElo "1875"]
[BlackElo "1539"]
[Annotator "NA RC"]
[PlyCount "57"]
[EventDate "2024.01.01"]
[EventType "swiss"]
[EventCountry "GER"]
[SourceTitle "playchess.com"]
[Source "ChessBase"]
[SourceQuality "1"]
[TimeControl "40/5400+30:1800+30"]

1. d4 Nf6 2. Nf3 g6 3. Bf4 Bg7 4. e3 d6 5. h3 Nbd7 6. Be2 O-O 7. c4 c5 8. Nc3 Re8 9. O-O b6 10. Rc1 Bb7 11. d5 Nf8 12. Re1 Qd7 13. e4 Rad8 14. e5 dxe5 15. Nxe5 Qf5 16. Bg3 Qc8 17. Qa4 a6 18. Bf3 Qa8 19. Rcd1 Rc8 20. Qb3 N8d7 21. Rd3 e6 22. Nxd7 Nxd7 23. dxe6 Rcd8 24. Red1 Bxf3 25. exd7 Bxg2 26. dxe8=Q+ Rxe8 27. Nd5 Bxh3 28. Qxb6 Qc8 29. Ne7+ 1-0

[Event "Niedersachsen-ch B 2024"]
[Site "Verden Aller"]
[Date "2024.01.04"]
[Round "2.2"]
[White "Nguyen, Laurentius"]
[Black "Rossberg, Jonathan"]
[Result "0-1"]
[ECO "B40"]
[WhiteElo "1546"]
[BlackElo "1818"]
[Annotator "NA RC"]
[PlyCount "82"]
[EventDate "2024.01.01"]
[EventType "swiss"]
[EventCountry "GER"]
[SourceTitle "playchess.com"]
[Source "ChessBase"]
[SourceQuality "1"]
[TimeControl "40/5400+30:1800+30"]

1. e4 c5 2. Nf3 e6 3. d3 d5 4. Nbd2 Nc6 5. g3 Nf6 6. exd5 exd5 7. Bg2 Qe7+ 8. Qe2 Qxe2+ 9. Kxe2 Bd6 10. a3 O-O 11. Re1 Bf5 12. Kf1 Rfe8 13. b3 Rxe1+ 14. Nxe1 Nd4 15. Ndf3 Nxc2 16. Ra2 Nxe1 17. Nxe1 h6 18. Rd2 d4 19. Nc2 Rc8 20. a4 b6 21. Na3 Ng4 22. Nc4 Bb8 23. Kg1 Re8 24. Be4 Bxe4 25. dxe4 Rxe4 26. Ba3 Ne5 27. Nxe5 Bxe5 28. Kf1 f5 29. Bc1 f4 30. Rd3 fxg3 31. hxg3 Bf6 32. Rf3 Kf7 33. Bf4 a6 34. Rd3 b5 35. Bd6 c4 36. Rd1 Ke6 37. Bf4 Kd5 38. b4 Bg5 39. Bb8 c3 40. f3 Re8 41. f4 Rxb8 0-1

[Event "Niedersachsen-ch B 2024"]
[Site "Verden Aller"]
[Date "2024.01.04"]
[Round "2.3"]
[White "Krneta, Slavko"]
[Black "ter Stal, Esther"]
[Result "0-1"]
[ECO "B12"]
[WhiteElo "1767"]
[BlackElo "1486"]
[Annotator "NA RC"]
[PlyCount "84"]
[EventDate "2024.01.01"]
[EventType "swiss"]
[EventCountry "GER"]
[SourceTitle "playchess.com"]
[Source "ChessBase"]
[SourceQuality "1"]
[TimeControl "40/5400+30:1800+30"]

1. e4 c6 2. d4 d5 3. e5 c5 4. c3 Nc6 5. b3 Bf5 6. Bd3 Bxd3 7. Qxd3 e6 8. f4 Nh6 9. Nf3 Nf5 10. O-O Qb6 11. Bb2 cxd4 12. cxd4 Be7 13. g4 Nh4 14. Nxh4 Bxh4 15. Nd2 O-O 16. g5 Nb4 17. Qh3 Nc2 18. Qxh4 Nxa1 19. Rxa1 Qa6 20. Nf1 Rac8 21. Qf2 Qd3 22. Ne3 Rc6 23. Rd1 Qe4 24. h4 Rfc8 25. h5 h6 26. gxh6 gxh6 27. Kh2 Kh7 28. Rg1 Rc2 29. Nxc2 Rxc2 30. Rg2 Rxf2 31. Rxf2 Qf5 32. Ba3 Qxh5+ 33. Kg3 Qg6+ 34. Kh2 Qe4 35. Be7 Qxd4 36. Kg1 Qd1+ 37. Kh2 Kg6 38. Bf8 Qh5+ 39. Kg1 Kf5 40. Kf1 d4 41. Ke1 d3 42. Kd2 Ke4 0-1

[Event "Niedersachsen-ch B 2024"]
[Site "Verden Aller"]
[Date "2024.01.04"]
[Round "2.4"]
[White "Eitel, Luc"]
[Black "Schlaetker, Christine"]
[Result "0-1"]
[ECO "C54"]
[WhiteElo "1535"]
[BlackElo "1745"]
[Annotator "NA RC"]
[PlyCount "66"]
[EventDate "2024.01.01"]
[EventType "swiss"]
[EventCountry "GER"]
[SourceTitle "playchess.com"]
[Source "ChessBase"]
[SourceQuality "1"]
[TimeControl "40/5400+30:1800+30"]

1. e4 e5 2. Nf3 Nc6 3. Bc4 Bc5 4. c3 Nf6 5. d3 h6 6. O-O d6 7. Re1 O-O 8. Nbd2 a6 9. Nf1 b5 10. Bb3 a5 11. a4 b4 12. Be3 Ba7 13. Bxa7 Rxa7 14. Ne3 Nd7 15. Qd2 Nc5 16. Bd5 bxc3 17. bxc3 Ne7 18. Bc4 Ba6 19. Qc2 Bxc4 20. Nxc4 f5 21. exf5 Nxf5 22. d4 e4 23. Nfd2 Nd3 24. Rf1 d5 25. Ne3 Nxe3 26. fxe3 Rxf1+ 27. Nxf1 Qg5 28. Rb1 c6 29. Rd1 Rb7 30. Rd2 Ne1 31. Qd1 Nf3+ 32. Kh1 Nxd2 33. Qxd2 Rb1 0-1

[Event "Niedersachsen-ch B 2024"]
[Site "Verden Aller"]
[Date "2024.01.04"]
[Round "2.5"]
[White "Walther, Jonas"]
[Black "Laun, Kurt"]
[Result "1-0"]
[ECO "B51"]
[WhiteElo "1744"]
[BlackElo "1448"]
[Annotator "NA RC"]
[PlyCount "63"]
[EventDate "2024.01.01"]
[EventType "swiss"]
[EventCountry "GER"]
[SourceTitle "playchess.com"]
[Source "ChessBase"]
[SourceQuality "1"]
[TimeControl "40/5400+30:1800+30"]

1. e4 c5 2. Nf3 Nc6 3. Bb5 d6 4. O-O e5 5. h3 Nf6 6. Re1 Be7 7. c3 O-O 8. d4 cxd4 9. cxd4 exd4 10. Nxd4 Nxd4 11. Qxd4 Qa5 12. Nc3 Be6 13. Bf4 a6 14. Be2 Rfd8 15. b4 Qc7 16. Rac1 Qd7 17. Red1 Rac8 18. Qe3 Bc4 19. Bf3 b5 20. e5 Ne8 21. Ne4 Bxa2 22. exd6 Rxc1 23. Qxc1 Nxd6 24. Bxd6 Bxd6 25. Rxd6 Qe7 26. Rxd8+ Qxd8 27. Qd2 Qxd2 28. Nxd2 Bc4 29. Bb7 a5 30. Nxc4 bxc4 31. bxa5 c3 32. Be4 1-0

[Event "Niedersachsen-ch B 2024"]
[Site "Verden Aller"]
[Date "2024.01.04"]
[Round "2.6"]
[White "Pfeifer, Frank"]
[Black "Balazs, Kata"]
[Result "0-1"]
[ECO "B01"]
[WhiteElo "1529"]
[BlackElo "1723"]
[Annotator "NA RC"]
[PlyCount "60"]
[EventDate "2024.01.01"]
[EventType "swiss"]
[EventCountry "GER"]
[SourceTitle "playchess.com"]
[Source "ChessBase"]
[SourceQuality "1"]
[TimeControl "40/5400+30:1800+30"]

1. e4 d5 2. exd5 Qxd5 3. Nc3 Qa5 4. d4 Nf6 5. Bd2 Qb6 6. Be3 Qxb2 7. Nce2 e6 8. c3 Ne4 9. Qc1 Ba3 10. Nf3 O-O 11. Ne5 Nd7 12. Nc4 Qxc1+ 13. Bxc1 Bxc1 14. Rxc1 Re8 15. Ng3 Nxg3 16. hxg3 e5 17. Kd2 e4 18. Rh4 Nf6 19. Ne5 Be6 20. c4 Rad8 21. Kc3 Re7 22. Be2 c5 23. d5 Bxd5 24. Ng4 Nxg4 25. Bxg4 Bc6 26. Be2 e3 27. Bd3 h6 28. Re1 exf2 29. Rxe7 Rxd3+ 30. Kxd3 f1=Q+ 0-1

[Event "Niedersachsen-ch B 2024"]
[Site "Verden Aller"]
[Date "2024.01.04"]
[Round "2.7"]
[White "Spieker, Hans-Joachim"]
[Black "Berkenkamp, Matthis"]
[Result "1/2-1/2"]
[ECO "A11"]
[WhiteElo "1719"]
[BlackElo "1425"]
[Annotator "NA RC"]
[PlyCount "81"]
[EventDate "2024.01.01"]
[EventType "swiss"]
[EventCountry "GER"]
[SourceTitle "playchess.com"]
[Source "ChessBase"]
[SourceQuality "1"]
[TimeControl "40/5400+30:1800+30"]

1. Nf3 Nf6 2. c4 c6 3. g3 d5 4. b3 Nbd7 5. Bb2 e6 6. Bg2 g6 7. O-O Bg7 8. d3 O-O 9. Nbd2 Re8 10. Ne5 Ng4 11. Nxg4 Bxb2 12. Nh6+ Kf8 13. Rb1 Bg7 14. Ng4 d4 15. f4 f5 16. Nf2 Rb8 17. b4 c5 18. bxc5 Nxc5 19. Nb3 Na4 20. Qc2 Nc3 21. Rbc1 b6 22. Nd1 Nxd1 23. Rcxd1 Bb7 24. Nd2 Bxg2 25. Kxg2 e5 26. fxe5 Rxe5 27. Nf3 Re3 28. Rde1 Qd7 29. Ng1 Qc6+ 30. Rf3 Rbe8 31. Kf2 Bh6 32. Qb2 Rxf3+ 33. Nxf3 Be3+ 34. Kf1 Re5 35. Qa3+ Rc5 36. Qxa7 g5 37. Qxh7 g4 38. Qh8+ Ke7 39. Qg7+ Kd8 40. Qf8+ Kc7 41. Qf7+ 1/2-1/2

[Event "Niedersachsen-ch B 2024"]
[Site "Verden Aller"]
[Date "2024.01.04"]
[Round "2.8"]
[White "Zweck, Gerhard"]
[Black "Rademacher, Bengt"]
[Result "1/2-1/2"]
[ECO "B12"]
[WhiteElo "1414"]
[BlackElo "1702"]
[Annotator "NA RC"]
[PlyCount "132"]
[EventDate "2024.01.01"]
[EventType "swiss"]
[EventCountry "GER"]
[SourceTitle "playchess.com"]
[Source "ChessBase"]
[SourceQuality "1"]
[TimeControl "40/5400+30:1800+30"]

1. e4 c6 2. d4 d5 3. e5 Bf5 4. Nf3 e6 5. c3 c5 6. Na3 Nc6 7. Nc2 Bxc2 8. Qxc2 cxd4 9. Nxd4 Nge7 10. Qa4 Rc8 11. Bg5 Qd7 12. Bb5 a6 13. Bxc6 Nxc6 14. Nxc6 Qxc6 15. Qxc6+ Rxc6 16. O-O Be7 17. Be3 Kd7 18. f4 g6 19. Rad1 b5 20. a3 Rhc8 21. Rc1 a5 22. g4 Rc4 23. Kg2 b4 24. axb4 axb4 25. cxb4 Bxb4 26. Rxc4 Rxc4 27. Rc1 Rxc1 28. Bxc1 Kc6 29. Kf3 Kc5 30. h4 Kc4 31. f5 gxf5 32. gxf5 Kd3 33. Kf4 Bd2+ 34. Bxd2 Kxd2 35. b4 d4 36. b5 d3 37. b6 Kc2 38. b7 d2 39. b8=Q d1=Q 40. Qc8+ Kb3 41. Qb7+ Kc4 42. Qa6+ Kc5 43. Qa5+ Kc6 44. Qa8+ Kc5 45. Qf8+ Kc6 46. Qe8+ Kc5 47. Qc8+ Kb6 48. Qb8+ Kc6 49. Qe8+ Kc5 50. Qc8+ Kb6 51. Qc3 Qf1+ 52. Qf3 Qc4+ 53. Kg5 exf5 54. Qxf5 h6+ 55. Kh5 Kc7 56. Qg4 Qxg4+ 57. Kxg4 Kd7 58. Kf5 Ke7 59. h5 Kf8 60. Kf6 Kg8 61. Ke7 Kg7 62. Ke8 Kg8 63. Ke7 Kg7 64. Kd6 Kf8 65. Kd7 Kg7 66. Ke7 Kg8 1/2-1/2

[Event "Niedersachsen-ch B 2024"]
[Site "Verden Aller"]
[Date "2024.01.04"]
[Round "2.9"]
[White "Junge, Julia Marie"]
[Black "Leppert, Hans-Juergen"]
[Result "1-0"]
[ECO "B42"]
[WhiteElo "1401"]
[BlackElo "1683"]
[Annotator "NA RC"]
[PlyCount "79"]
[EventDate "2024.01.01"]
[EventType "swiss"]
[EventCountry "GER"]
[SourceTitle "playchess.com"]
[Source "ChessBase"]
[SourceQuality "1"]
[TimeControl "40/5400+30:1800+30"]

1. e4 c5 2. Nf3 e6 3. d4 cxd4 4. Nxd4 a6 5. Be3 Nf6 6. Bd3 Qc7 7. O-O Bc5 8. Qe2 b5 9. a3 Bb7 10. Nb3 Bd6 11. h3 O-O 12. Bg5 Be7 13. Nc3 d6 14. Rae1 Nbd7 15. f4 Nc5 16. e5 Nd5 17. Bxe7 Qxe7 18. Nxd5 Bxd5 19. Nxc5 dxc5 20. Be4 Bc4 21. Qf3 Rad8 22. Rf2 Rd7 23. b3 Bd5 24. Bxd5 Rxd5 25. f5 Qd8 26. f6 gxf6 27. exf6 Kh8 28. Re4 Rd1+ 29. Rf1 Rxf1+ 30. Qxf1 Rg8 31. c3 Rg6 32. Rf4 Qd2 33. Qf3 h6 34. Re4 Qc1+ 35. Kh2 Qg5 36. Rf4 Qe5 37. Kh1 Kh7 38. h4 a5 39. h5 Qxh5+ 40. Qxh5 1-0

[Event "Niedersachsen-ch B 2024"]
[Site "Verden Aller"]
[Date "2024.01.04"]
[Round "2.10"]
[White "Frese, Immo"]
[Black "Pac, Maksym"]
[Result "0-1"]
[ECO "A85"]
[WhiteElo "1642"]
[BlackElo "1416"]
[Annotator "NA RC"]
[PlyCount "68"]
[EventDate "2024.01.01"]
[EventType "swiss"]
[EventCountry "GER"]
[SourceTitle "playchess.com"]
[Source "ChessBase"]
[SourceQuality "1"]
[TimeControl "40/5400+30:1800+30"]

1. d4 d5 2. c4 e6 3. Nc3 c6 4. e3 f5 5. Nf3 Nf6 6. Bd3 Bd6 7. O-O O-O 8. b3 Nbd7 9. Bb2 Ne4 10. Ne2 Qf6 11. Rc1 g5 12. Nd2 g4 13. Nf4 Bxf4 14. exf4 Qh4 15. g3 Qh3 16. Re1 Rf6 17. Bf1 Qh5 18. Nxe4 fxe4 19. h3 Rg6 20. h4 Qf5 21. b4 Nb6 22. a4 Bd7 23. a5 Nc8 24. b5 Nd6 25. Qb3 dxc4 26. Qb4 Nxb5 27. Bxc4 a6 28. Re2 Rd8 29. Rce1 Bc8 30. Rxe4 Nd6 31. Re5 Qf7 32. Bd3 Nf5 33. Bxf5 exf5 34. Re8+ Rxe8 0-1

[Event "Niedersachsen-ch B 2024"]
[Site "Verden Aller"]
[Date "2024.01.04"]
[Round "2.12"]
[White "Lieb, Max"]
[Black "Richter, Silas"]
[Result "0-1"]
[ECO "C11"]
[WhiteElo "1365"]
[BlackElo "1614"]
[Annotator "NA RC"]
[PlyCount "54"]
[EventDate "2024.01.01"]
[EventType "swiss"]
[EventCountry "GER"]
[SourceTitle "playchess.com"]
[Source "ChessBase"]
[SourceQuality "1"]
[TimeControl "40/5400+30:1800+30"]

1. e4 c5 2. Nf3 Nc6 3. d4 cxd4 4. Nxd4 Nf6 5. Nc3 e6 6. Bg5 Be7 7. f4 d5 8. e5 Nd7 9. Bxe7 Qxe7 10. Bb5 Nxd4 11. Qxd4 O-O 12. O-O-O a6 13. Bd3 b5 14. f5 exf5 15. Qxd5 Nb6 16. Qd4 Rb8 17. Rhe1 Rd8 18. Qf4 b4 19. Ne2 g6 20. Ng3 a5 21. h4 a4 22. h5 Be6 23. Kb1 Nd5 24. Qf3 Nc3+ 25. bxc3 bxc3+ 26. Ka1 Qa3 27. Rb1 Qxa2# 0-1

[Event "Niedersachsen-ch B 2024"]
[Site "Verden Aller"]
[Date "2024.01.04"]
[Round "2.13"]
[White "Grabowski, Petra"]
[Black "Sanchez Tapia, Luis G."]
[Result "1/2-1/2"]
[ECO "D35"]
[WhiteElo "1600"]
[BlackElo "1576"]
[Annotator "NA RC"]
[PlyCount "29"]
[EventDate "2024.01.01"]
[EventType "swiss"]
[EventCountry "GER"]
[SourceTitle "playchess.com"]
[Source "ChessBase"]
[SourceQuality "1"]
[TimeControl "40/5400+30:1800+30"]

1. d4 Nf6 2. c4 e6 3. Nf3 d5 4. Nc3 c6 5. cxd5 exd5 6. Bg5 Be7 7. e3 Bf5 8. Bd3 Bxd3 9. Qxd3 O-O 10. O-O Nbd7 11. a3 a5 12. Rfd1 h6 13. Bh4 Re8 14. h3 Bd6 15. Ne2 1/2-1/2

[Event "Niedersachsen-ch B 2024"]
[Site "Verden Aller"]
[Date "2024.01.04"]
[Round "2.18"]
[White "Kesselhut, Pascal"]
[Black "Kewe, Stefan"]
[Result "1-0"]
[ECO "B22"]
[WhiteElo "1425"]
[BlackElo "1737"]
[Annotator "NA RC"]
[PlyCount "55"]
[EventDate "2024.01.01"]
[EventType "swiss"]
[EventCountry "GER"]
[SourceTitle "playchess.com"]
[Source "ChessBase"]
[SourceQuality "1"]
[TimeControl "40/5400+30:1800+30"]

1. e4 c5 2. c3 d5 3. exd5 Qxd5 4. d4 cxd4 5. cxd4 Nc6 6. Nf3 e5 7. Nc3 Bb4 8. a3 Bxc3+ 9. bxc3 Bg4 10. Be2 exd4 11. cxd4 Nge7 12. Bb2 O-O 13. O-O Rad8 14. h3 Be6 15. Qd2 Qd7 16. Rfd1 Nf5 17. Qc3 b6 18. d5 Bxd5 19. g4 f6 20. Rxd5 Qb7 21. Rxd8 Rxd8 22. gxf5 Kh8 23. Rc1 Ne7 24. Qc7 Qxc7 25. Rxc7 Nd5 26. Rc2 h6 27. Rd2 Re8 28. Bb5 1-0

[Event "Niedersachsen-ch B 2024"]
[Site "Verden Aller"]
[Date "2024.01.04"]
[Round "2.20"]
[White "Golke, Philipp"]
[Black "Ramme, Georg"]
[Result "1/2-1/2"]
[ECO "B12"]
[WhiteElo "1490"]
[BlackElo "1579"]
[Annotator "NA RC"]
[PlyCount "34"]
[EventDate "2024.01.01"]
[EventType "swiss"]
[EventCountry "GER"]
[SourceTitle "playchess.com"]
[Source "ChessBase"]
[SourceQuality "1"]
[TimeControl "40/5400+30:1800+30"]

1. e4 c6 2. d4 d5 3. e5 Bf5 4. Nf3 e6 5. Bd3 Bxd3 6. Qxd3 Qb6 7. c3 Nd7 8. O-O Ne7 9. b3 h6 10. Ba3 c5 11. Nbd2 Ng6 12. Bb2 Be7 13. Rfe1 Nf4 14. Qe3 g5 15. g3 Rg8 16. Kh1 Ng6 17. Rac1 Rc8 1/2-1/2

[Event "Niedersachsen-ch B 2024"]
[Site "Verden Aller"]
[Date "2024.01.04"]
[Round "2.21"]
[White "Schumacher, Klaus"]
[Black "Bangert, Jonas"]
[Result "1/2-1/2"]
[ECO "D13"]
[WhiteElo "1724"]
[BlackElo "1527"]
[Annotator "NA RC"]
[PlyCount "55"]
[EventDate "2024.01.01"]
[EventType "swiss"]
[EventCountry "GER"]
[SourceTitle "playchess.com"]
[Source "ChessBase"]
[SourceQuality "1"]
[TimeControl "40/5400+30:1800+30"]

1. c4 c6 2. d4 d5 3. cxd5 cxd5 4. Nc3 Nf6 5. Bf4 a6 6. Nf3 Nc6 7. e3 Bf5 8. Bd3 Bxd3 9. Qxd3 e6 10. O-O Bd6 11. Ne5 Bxe5 12. Bxe5 Nxe5 13. dxe5 Nd7 14. f4 O-O 15. e4 Nc5 16. Qd4 Nxe4 17. Nxe4 dxe4 18. Qxe4 Qb6+ 19. Kh1 Rfd8 20. Qe2 Rd4 21. h3 g6 22. Kh2 Rad8 23. Rad1 Rxd1 24. Rxd1 Rxd1 25. Qxd1 Qxb2 26. Qd8+ Kg7 27. Qf6+ Kg8 28. Qd8+ 1/2-1/2

[Event "Niedersachsen-ch B 2024"]
[Site "Verden Aller"]
[Date "2024.01.04"]
[Round "2.22"]
[White "Oblender, Rudi"]
[Black "Kraeuter, Paavo Alexander"]
[Result "0-1"]
[ECO "C07"]
[WhiteElo "1511"]
[BlackElo "1832"]
[Annotator "NA RC"]
[PlyCount "88"]
[EventDate "2024.01.01"]
[EventType "swiss"]
[EventCountry "GER"]
[SourceTitle "playchess.com"]
[Source "ChessBase"]
[SourceQuality "1"]
[TimeControl "40/5400+30:1800+30"]

1. e4 e6 2. d4 d5 3. Nc3 Nf6 4. e5 Nfd7 5. Nf3 c5 6. Ne2 cxd4 7. Nexd4 Nc6 8. Nxc6 bxc6 9. Bd3 Ba6 10. O-O Bxd3 11. Qxd3 Be7 12. Re1 O-O 13. Nd4 Qc7 14. f4 Nc5 15. Qe2 Ne4 16. Nb3 a5 17. Be3 a4 18. Nd2 Nxd2 19. Qxd2 Qa5 20. Qf2 a3 21. b3 Bb4 22. Red1 Rac8 23. f5 Bc3 24. f6 Bxa1 25. Qg3 g6 26. Qf4 Bxe5 27. Qxe5 Qb4 28. Qg3 Kh8 29. Rd4 Qc3 30. Rh4 Qa1+ 31. Kf2 Qxf6+ 32. Ke2 c5 33. Bf4 Qf5 34. Rh6 Qxc2+ 35. Ke1 Qb1+ 36. Ke2 Qxa2+ 37. Bd2 Qb1 38. Qh3 Qe4+ 39. Kd1 g5 40. Bxg5 f6 41. Rxf6 Qd4+ 42. Kc1 Rxf6 43. Bxf6+ Qxf6 44. Kb1 Qb2# 0-1

[Event "Niedersachsen-ch B 2024"]
[Site "Verden Aller"]
[Date "2024.01.04"]
[Round "2.23"]
[White "Nordhorn, Horst"]
[Black "Tenninger, Joerg"]
[Result "1/2-1/2"]
[ECO "D00"]
[WhiteElo "1696"]
[BlackElo "1508"]
[Annotator "NA"]
[PlyCount "60"]
[EventDate "2024.01.01"]
[EventType "swiss"]
[EventCountry "GER"]
[SourceTitle "playchess.com"]
[Source "ChessBase"]
[SourceQuality "1"]
[TimeControl "40/5400+30:1800+30"]

1. d4 d5 2. Bf4 Nf6 3. e3 e6 4. Bd3 Bd6 5. Nd2 O-O 6. g4 c5 7. Bxd6 Qxd6 8. c3 cxd4 9. cxd4 e5 10. g5 Nfd7 11. Rc1 exd4 12. exd4 Nc6 13. Ngf3 Re8+ 14. Kf1 Nf8 15. h3 Ng6 16. Bxg6 Qxg6 17. Qb3 Qh5 18. Kg2 Nxd4 19. Qxd5 Nxf3 20. Nxf3 Be6 21. Qd4 Red8 22. Qe3 Bd5 23. Rc3 Bxf3+ 24. Qxf3 Qxg5+ 25. Kh2 Qe5+ 26. Kg2 Rd7 27. Rhc1 g6 28. Rc8+ Rxc8 29. Rxc8+ Kg7 30. Qc3 Qxc3 1/2-1/2

[Event "Niedersachsen-ch B 2024"]
[Site "Verden Aller"]
[Date "2024.01.04"]
[Round "2.24"]
[White "Warns, Harald"]
[Black "Margaryan, Venera"]
[Result "1/2-1/2"]
[ECO "E00"]
[WhiteElo "1683"]
[BlackElo "1473"]
[Annotator "NA RC"]
[PlyCount "52"]
[EventDate "2024.01.01"]
[EventType "swiss"]
[EventCountry "GER"]
[SourceTitle "playchess.com"]
[Source "ChessBase"]
[SourceQuality "1"]
[TimeControl "40/5400+30:1800+30"]

1. d4 d5 2. e3 Nf6 3. c4 e6 4. a3 dxc4 5. Bxc4 Nbd7 6. Nf3 b6 7. O-O Bb7 8. Nc3 c5 9. dxc5 Bxc5 10. b4 Be7 11. Bb2 O-O 12. Qe2 Rc8 13. Bb3 Bd6 14. Rfd1 Qe7 15. Rac1 Rfd8 16. h3 Ne5 17. Nxe5 Bxe5 18. Rxd8+ Rxd8 19. f4 Bb8 20. Rd1 Rxd1+ 21. Qxd1 Qc7 22. Nb5 Qc6 23. Qd8+ Ne8 24. e4 Qc8 25. Qxc8 Bxc8 26. e5 Bb7 1/2-1/2

[Event "Niedersachsen-ch B 2024"]
[Site "Verden Aller"]
[Date "2024.01.04"]
[Round "2.25"]
[White "Juergenpott, Maximilian"]
[Black "Knorr, Frank"]
[Result "1-0"]
[ECO "A04"]
[WhiteElo "1660"]
[BlackElo "1411"]
[Annotator "NA"]
[PlyCount "51"]
[EventDate "2024.01.01"]
[EventType "swiss"]
[EventCountry "GER"]
[SourceTitle "playchess.com"]
[Source "ChessBase"]
[SourceQuality "1"]
[TimeControl "40/5400+30:1800+30"]

1. Nf3 d6 2. e3 Nf6 3. c4 e5 4. Nc3 Nbd7 5. Be2 Be7 6. b3 c6 7. Bb2 O-O 8. d4 e4 9. Nd2 d5 10. O-O Re8 11. f3 Bb4 12. cxd5 Bxc3 13. Bxc3 cxd5 14. fxe4 Nxe4 15. Nxe4 Rxe4 16. Bd2 Nf6 17. Bd3 Rg4 18. h3 Rg5 19. e4 Rg6 20. exd5 Rg3 21. Bf4 Rxd3 22. Qxd3 Qxd5 23. Be5 Ne4 24. Rae1 Nc3 25. Qxc3 Be6 26. Qg3 1-0

[Event "Niedersachsen-ch B 2024"]
[Site "Verden Aller"]
[Date "2024.01.04"]
[Round "2.26"]
[White "Freise, Linus"]
[Black "Direk, Oguzhan"]
[Result "1-0"]
[ECO "B23"]
[WhiteElo "1480"]
[BlackElo "1657"]
[Annotator "NA RC"]
[PlyCount "95"]
[EventDate "2024.01.01"]
[EventType "swiss"]
[EventCountry "GER"]
[SourceTitle "playchess.com"]
[Source "ChessBase"]
[SourceQuality "1"]
[TimeControl "40/5400+30:1800+30"]

1. e4 c5 2. Nc3 e6 3. f4 d5 4. e5 d4 5. Ne4 a6 6. Nf3 h5 7. g3 Nh6 8. Bg2 Nf5 9. d3 b5 10. Qe2 Bb7 11. Neg5 Bd5 12. Bd2 Be7 13. O-O Nc6 14. Bh3 Bxg5 15. Nxg5 Nce7 16. Bg2 Bxg2 17. Kxg2 Nd5 18. Kg1 g6 19. Ne4 Qb6 20. a3 O-O 21. Kh1 Rac8 22. Rg1 Kg7 23. b3 Qc6 24. Qf3 c4 25. bxc4 bxc4 26. Bb4 Nxb4 27. axb4 Ne3 28. dxc4 Qxc4 29. c3 Nc2 30. Rac1 d3 31. Rgd1 Nxb4 32. cxb4 Qxc1 33. Rxc1 Rxc1+ 34. Kg2 d2 35. Nxd2 Rc2 36. Qd3 Rfc8 37. Qd4 Ra2 38. Kh3 Rcc2 39. Nf3 Ra3 40. Ng5 Raa2 41. Qg1 Rab2 42. Nf3 Rxb4 43. Kh4 Rbb2 44. h3 Rg2 45. Qa7 Rb3 46. Ng5 Rgxg3 47. Qxf7+ Kh8 48. Qh7# 1-0